AoeStats
← UncleMike2244

Arabia

509142076Analyzed
2v2 RM · 7d ago on Sep 25, 2026· 18m 28s· 4 players
Game mode
Random Map
Map size
Medium (4 player)
Population
200
Speed
Normal
Resources
Standard
Victory
Conquest
Starting age
Dark Age
Ending age
Imperial Age
RankedLock teamsTeams togetherTeam positionsShared explorationLock speedFull tech treeHidden civsTurbo modeCheats
Victory
Defeat
🇺🇸 Huns · United States
852
+18
🇺🇸 Maya · United States
704
+17
🇨🇿 Dravidians · Czechia
737
-14
🇭🇷 Franks · Croatia
735
-34
nO
7:57 Loom
11:19 Feudal Age
jirka.crha
11:09 Feudal Age
9:30 Loom
11:55 Double-Bit Axe
11:54 Horse Collar
14:29 Man-at-Arms
16:07 Gold Mining
16:08 Stone Mining
UncleMike2244
0:46 Loom
9:57 Feudal Age
11:27 Wheelbarrow
10:44 Horse Collar
11:39 Arson
18:38 Gold Mining
rocknrollperson3
9:43 Feudal Age
10:26 Double-Bit Axe
12:18 Horse Collar
15:57 Fletching
17:21 Padded Archer Armor
Connection lost

Rejoining the realm…

Still unreachable

The connection could not be restored.

Session expired

The server has moved on; the page needs a fresh start.